 Dungeon Crawl Stone Soup version 0.29.1-15-g9cfb28693d (webtiles) character file.

Game seed: 5897729222057035593

83705 Garmo the Peltast (level 15, -2/127 HPs)
             Began as a Merfolk Gladiator on Mar 26, 2023.
             Was a High Priest of Makhleb.
             Slain by an anaconda simulacrum (4 damage)
             ... in an ice cave.
             The game lasted 01:46:11 (37655 turns).

Garmo the Peltast (Merfolk Gladiator)              Turns: 37655, Time: 01:46:11

Health: -2/127     AC: 11    Str: 21    XL:     15   Next: 78%
Magic:  22/22      EV: 15    Int:  8    God:    Makhleb [*****.]
Gold:   1578       SH: 15    Dex: 19    Spells: 14/14 levels left

rFire   + . .      SeeInvis .   a - +2 trident (vamp) {!w}
rCold   + . .      Faith    .   p - +0 kite shield
rNeg    + . .      Spirit   .   i - +2 ring mail {Will+}
rPois   .          Reflect  .   x - +1 helmet
rElec   .          Harm     .   A - +0 cloak
rCorr   .          Rampage  .   W - +1 pair of gloves {hurl}
Will    ++...                   (no boots)
Stlth   +.........              (no amulet)
HPRegen 0.31/turn               z - ring of Keryiv {rF++ rN+ Slay+3}
MPRegen 0.18/turn               U - ring of Kizostao {Ice Dex+3}

@: no status effects
A: (nimble swimmer 2), mertail, deformed body
a: Renounce Religion, Minor Destruction, Lesser Servant of Makhleb, Major
Destruction, Greater Servant of Makhleb


You were in an ice cave.
You worshipped Makhleb.
Makhleb was extremely pleased with you.
You visited 4 branches of the dungeon, and saw 20 of its levels.
You also visited: Ice Cave.

You collected 2398 gold pieces.
You spent 820 gold pieces at shops.

Inventory:

Hand Weapons
 a - a +2 vampiric trident (weapon) {!w}
   (You took it off a gnoll sergeant on level 9 of the Dungeon)
 b - the +3 short sword of Puminuyn {protect, rPois rF+ rC+ Int-3}
   (You found it on level 9 of the Dungeon)

   It grants its wielder temporary protection when it strikes (+7 to AC).
   Int:       It affects your intelligence (-3).
   rF:        It protects you from fire.
   rC:        It protects you from cold.
   rPois:     It protects you from poison.
 w - a +2 trident of flaming
   (You found it on level 3 of the Lair of Beasts)
Missiles
 g - 7 javelins
 n - 57 poisoned darts
 v - 4 throwing nets {!f}
 y - 7 boomerangs (quivered)
 C - 4 boomerangs of dispersal {!f}
 J - a curare-tipped dart {!f}
Armour
 i - a +2 ring mail of willpower (worn)
   (You took it off an orc priest on level 2 of the Orcish Mines)
 p - a +0 kite shield (worn)
   (You took it off a gnoll sergeant on level 6 of the Dungeon)
 x - a +1 helmet (worn)
   (You took it off Robin on level 2 of the Dungeon)
 A - a +0 cloak (worn)
   (You found it on level 6 of the Dungeon)
 O - +0 pearl dragon scales
   (You found it on level 3 of the Lair of Beasts)
 P - a +0 pair of gloves
   (You found it on level 4 of the Lair of Beasts)
 W - a +1 pair of gloves of hurling (worn)
   (You found it in an ice cave)
Jewellery
 z - the ring of Keryiv (left hand) {rF++ rN+ Slay+3}
   (You bought it in a shop on level 2 of the Orcish Mines)

   [ring of positive energy]

   Slay:      It affects your accuracy & damage with ranged weapons and melee
   (+3).
   rF:        It greatly protects you from fire.
   rN:        It protects you from negative energy.
 E - a +4 ring of protection
   (You found it on level 3 of the Dungeon)
 K - a +4 ring of evasion
   (You found it on level 9 of the Dungeon)
 U - the ring of Kizostao (right hand) {Ice Dex+3}
   (You took it off a spriggan on level 5 of the Lair of Beasts)

   [ring of ice]

   It enhances your ice magic.
   Dex:       It affects your dexterity (+3).
   rF:        It makes you vulnerable to fire.
   rC:        It protects you from cold.
Wands
 d - a wand of iceblast (9)
   (You found it on level 5 of the Dungeon)
 l - a wand of polymorph (8)
   (You found it on level 9 of the Dungeon)
 t - a wand of flame (14)
   (You found it on level 7 of the Dungeon)
 M - a wand of quicksilver (3)
   (You took it off Crazy Yiuf on level 4 of the Dungeon)
 Q - a wand of mindburst (2)
   (You took it off an efreet on level 11 of the Dungeon)
Scrolls
 c - 2 scrolls of teleportation {@r4}
 e - a scroll of enchant armour {unknown}
 f - 3 scrolls of blinking
 h - 7 scrolls of enchant weapon
 j - 7 scrolls of fear
 s - 3 scrolls of amnesia {unknown}
 u - 2 scrolls of torment {unknown}
 I - 3 scrolls of acquirement {unknown}
 L - 3 scrolls of vulnerability {unknown}
 R - a scroll of magic mapping
 S - a scroll of butterflies {unknown}
 T - 4 scrolls of identify {@r1}
 Z - a scroll of silence {unknown}
Potions
 k - a potion of curing {@q1}
 m - 5 potions of mutation {!q}
 o - a potion of cancellation
 q - 13 potions of ambrosia
 r - 5 potions of might
 B - a potion of lignification {!q}
 D - 3 potions of brilliance
 F - 2 potions of resistance
 H - 5 potions of flight
 N - a potion of berserk rage
 V - a potion of haste {@q3}
Miscellaneous
 G - a phial of floods
   (You found it on level 4 of the Lair of Beasts)
 X - a tin of tremorstones (2/2)
   (You found it on level 11 of the Dungeon)
 Y - a condenser vane
   (You found it on level 11 of the Dungeon)


   Skills:
 + Level 14.9 Fighting
 - Level 14.0 Polearms
 - Level 4.0 Throwing
 - Level 5.0 Armour
 - Level 8.0 Dodging
 - Level 17.0 Shields
 + Level 10.5 Invocations
 + Level 4.8 Evocations


You had 14 spell levels left.
You didn't know any spells.
Your spell library contained the following spells:

 Spells                   Type           Power      Damage    Failure   Level
 Magic Dart               Conj           0%         1d3       73%         1
 Necrotise                Necr           0%         1d4       73%         1
 Shock                    Conj/Air       0%         1d3       73%         1
 Slow                     Hex            0%         N/A       73%         1
 Summon Small Mammal      Summ           0%         N/A       73%         1
 Call Imp                 Summ           0%         N/A       86%         2
 Ensorcelled Hibernation  Hex/Ice        0%         N/A       86%         2
 Static Discharge         Conj/Air       0%         3-3/arc   86%         2
 Sublimation of Blood     Necr           0%         N/A       86%         2
 Wereblood                Tmut           0%         N/A       86%         2
 Call Canine Familiar     Summ           0%         N/A       97%         3
 Confusing Touch          Hex            0%         N/A       97%         3
 Conjure Flame            Conj/Fire      0%         6-21      97%         3
 Ignite Poison            Fire/Tmut/Pois 0%         N/A       97%         3
 Mephitic Cloud           Conj/Pois/Air  0%         N/A       97%         3
 Spider Form              Tmut/Pois      0%         N/A       97%         3
 Summon Guardian Golem    Hex/Summ       0%         N/A       97%         3
 Swiftness                Air            0%         N/A       97%         3
 Vampiric Draining        Necr           0%         2d6       97%         3
 Airstrike                Air            0%         2d(0-16)  100%        4
 Anguish                  Hex/Necr       0%         N/A       100%        4
 Animate Dead             Necr           0%         N/A       100%        4
 Sticky Flame             Conj/Fire      0%         2d3       100%        4
 Summon Lightning Spire   Summ/Air       0%         N/A       100%        4
 Agony                    Necr           0%         N/A       100%        5
 Fireball                 Conj/Fire      0%         3d3       100%        5
 Lightning Bolt           Conj/Air       0%         1d11      100%        5
 Dispersal                Tloc           0%         N/A       100%        6
 Haunt                    Necr/Summ      0%         N/A       100%        7
 Orb of Destruction       Conj           0%         9d5       100%        7
 Spellforged Servitor     Conj/Summ      0%         N/A       100%        7
 Summon Hydra             Summ           0%         N/A       100%        7
 Disjunction              Tloc           0%         N/A       100%        8
 Infestation              Necr           0%         N/A       100%        8
 Maxwell's Capacitive Co  Air            0%         ∞         100%        8
 Fire Storm               Conj/Fire      0%         5d1       100%        9


Dungeon Overview and Level Annotations

Branches:
Dungeon (12/15) Zot: 24072  Temple (1/1) D:7 Zot: 5934    Lair (5/5) D:8 Zot: 22309
  Swamp (0/4) Lair:2       Spider (0/4) Lair:2        Slime (0/5) Lair:4
    Orc (2/2) D:9 Zot: 9654     Elf (0/3) Orc:2         IceCv (1/1) Zot: 4423

Altars:
Ashenzari
Cheibriados
Dithmenos
Elyvilon
Fedhas
Gozag
Hepliaklqana
Kikubaaqudgha
Makhleb
Nemelex Xobeh
Okawaru
Qazlal
Ru
Sif Muna
Trog
Uskayaw
Vehumet
Wu Jian
Xom
Yredelemnul
Zin
The Shining One
Jiyva
Lugonu

Shops:
D:5 ?   D:7 *   Orc:2 ==((

Portals:
Abyss: Lair:5

Annotations:
Lair:1 1 runed translucent door, megez's ghost, novice MiFi
Lair:2 3 runed translucent doors, duchin's ghost, journeyman MfHu
Lair:4 2 transporters, Hiywul's ghost, journeyman MiHu
Orc:2 3 runed translucent doors, Mercurial's ghost, journeyman HOBe; Peloso's ghost, journeyman MiFi


Innate Abilities, Weirdness & Mutations

((You are very nimble when in or above water. (Stealth+, EV+, Speed+++)))
Your lower body shifts to a powerful aquatic tail in water.
Armour fits poorly on your strangely shaped body.


Message History

The dire elephant simulacrum trunk-slaps you but does no damage.
You hit the ice devil but do no damage. The ice devil closely misses you.
You hit the ice devil but do no damage. You block the ice devil's attack.
The dire elephant simulacrum closely misses you.
The dire elephant simulacrum misses you.
You hit the ice devil but do no damage.
A demon appears!
You block the ice devil's attack.
The dire elephant simulacrum tramples you!
* * * LOW HITPOINT WARNING * * *
You stumble backwards!
Your smoke demon hits the ice devil but does no damage. x3
The ice devil hits your smoke demon! The ice devil freezes your smoke demon!
Your smoke demon barely misses the ice devil.
Your smoke demon closely misses the ice devil.
Your smoke demon barely misses the ice devil.
The ice devil hits your smoke demon but does no damage.
Your smoke demon hits the ice devil but does no damage. x2
Your smoke demon closely misses the ice devil.
Your smoke demon hits the ice devil but does no damage. x2
Your smoke demon closely misses the ice devil.
The anaconda simulacrum bites your smoke demon!
The anaconda simulacrum freezes your smoke demon!!
Your smoke demon dies!
Your smoke demon disappears in a puff of smoke!
You are too injured to fight recklessly!
You are too injured to fight recklessly!
Reach: a) +2 trident (vamp) {!w}
Aim: an anaconda simulacrum (heavily damaged, about 27% to evade your +2 vampiric trident)
You reach to attack!
You hit the anaconda simulacrum.
Reach: a) +2 trident (vamp) {!w}
Aim: an anaconda simulacrum (heavily damaged, about 27% to evade your +2 vampiric trident)
You barely miss the anaconda simulacrum.
You block the anaconda simulacrum's attack. x2
Reach: a) +2 trident (vamp) {!w}
Aim: an anaconda simulacrum (heavily damaged, about 27% to evade your +2 vampiric trident)
You closely miss the anaconda simulacrum.
You block the anaconda simulacrum's attack.
The anaconda simulacrum bites you.
* * * LOW HITPOINT WARNING * * *
The anaconda simulacrum freezes you! You resist.
* * * LOW HITPOINT WARNING * * *
Unknown command.
Okay, then.
Blink to where?
As you read the scroll of blinking, it crumbles to dust.
A demon appears!
A demon appears!
You block the anaconda simulacrum's attack.
The anaconda simulacrum bites you.
You die...

###### ###....### ###...§....##
##....###..3.##
###4..###.###Z..# ####
##..####....##@..# #####...
#...##.....##..###### ##.......
#..###).}......3..#.###........
##...##...##.........#.........
##...############.............
##...### ###...........
###...###### ###.........
##4Z.....#### ###.#....#
###.......§.Z§# ####..##


You could see an anaconda simulacrum (ally target) and 2 friendly ynoxinuls.

Vanquished Creatures
  Rupert (Lair:5)
  Snorg (Orc:2)
  3 hydras
  2 centaur warriors (D:11)
  6 two-headed ogres
  4 boulder beetles
  2 death yaks (Lair:3)
  3 thrashing horrors (Lair:5)
  5 orc high priests (Orc:2)
  3 skeletal warriors (D:11)
  A swamp dragon (shapeshifter) (D:11)
  3 orc knights
  4 ugly things
  A deep elf pyromancer (D:11)
  5 elephants (D:8)
  3 cyclopes (D:10)
  6 manticores (D:11)
  3 orc sorcerers (D:9)
  A black mamba (Lair:4)
  A black mamba (shapeshifter) (Lair:5)
  2 ice statues (IceCv)
  2 smoke demons (Lair:5)
  6 cane toads
  A gargoyle (D:10)
  2 ice devils (IceCv)
  Psyche (D:8)
  An efreet (D:11)
  4 komodo dragons
  An unseen horror (D:10)
  2 freezing wraiths
  A kobold demonologist (D:12)
  A yaktaur (D:10)
  2 ancient zymes (Lair:5)
  A queen bee (Lair:3)
  3 polar bears
  8 trolls
  3 hornets
  17 blink frogs
  A large abomination (Lair:5)
  9 dream sheep
  55 yaks
  A wraith (D:11)
  2 vampires (D:11)
  4 ynoxinuls (Lair:5)
  Grum (D:6)
  3 wyverns
  3 steam dragons
  4 basilisks
  5 vampire mosquitoes
  A human (shapeshifter) (D:11)
  Menkaure (D:6)
  A harpy simulacrum (IceCv)
  3 acid dragons
  6 wargs
  13 water moccasins
  8 small abominations (Lair:5)
  Duvessa (D:7)
  26 orc warriors
  2 sky beasts
  12 ogres
  5 wolves
  5 centaurs
  2 phantoms
  The ghost of Quickbrownfox the Chiller, an amateur OpIE of Nemelex Xobeh (D:3)
  8 kobold brigands
  Blork the orc (D:4)
  11 bullfrogs
  A necrophage (D:3)
  3 scorpions
  7 gnoll sergeants
  3 two-headed ogre simulacra (IceCv)
  5 wights
  Dowan (D:7)
  36 killer bees
  7 howler monkeys
  A jelly (D:5)
  3 gnoll boudas
  Crazy Yiuf (D:4)
  45 orc priests
  16 hounds
  Jessica (D:2)
  4 iguanas
  20 orc wizards
  5 hell rats (Lair:3)
  3 troll simulacra (IceCv)
  2 polar bear simulacra (IceCv)
  2 wolf simulacra (IceCv)
  Robin (D:2)
  21 gnolls
  9 adders
  5 naga simulacra (IceCv)
  2 shadow imps
  2 white imps
  3 ufetubi
  2 worms (D:3)
  5 dart slugs
  66 orcs
  7 ball pythons
  8 endoplasms
  5 giant cockroaches
  15 goblins
  9 hobgoblins
  16 jackals
  4 quokkas
  8 bats
  3 frilled lizards
  25 kobolds
  5 rats
698 creatures vanquished.

Vanquished Creatures (collateral kills)
  An orc warlord (D:8)
  An ogre mage (D:11)
  A hydra (D:11)
  Fannar (Lair:2)
  A death knight (D:11)
  A catoblepas (Lair:1)
  A death yak (Lair:3)
  A tengu warrior (D:11)
  Lodul (D:11)
  An orc sorcerer (Orc:1)
  An ugly thing (D:11)
  A cyclops (D:11)
  A rime drake (Lair:3)
  3 ice devils (IceCv)
  9 blink frogs
  4 dream sheep (Lair:2)
  A small abomination (Lair:5)
  A spriggan (Lair:5)
  A shadow (D:11)
  A wyvern (D:11)
  2 yaks
  2 basilisks (Lair:5)
  A death yak simulacrum (IceCv)
  4 vampire mosquitoes
  2 water moccasins
  An orc warrior (Orc:1)
  4 ogres
  2 wolves (Lair:2)
  A kobold brigand (D:9)
  A gnoll sergeant (D:9)
  8 killer bees
  A howler monkey (D:11)
  An orc priest (Orc:2)
  2 gnolls (D:9)
  3 orcs (D:9)
68 creatures vanquished.

Vanquished Creatures (others)
  An unseen horror (D:11)
  A vampire (D:11)
  A human (D:9)
  A small abomination (Lair:5)
  2 orcs (Orc:1)
  A bush (D:7)
  20 fungi
  22 plants
  5 withered plants (Orc:2)
54 creatures vanquished.

Grand Total: 820 creatures vanquished

Notes
Turn   | Place    | Note
-------+----------+-------------------------------------------
     0 | D:1      | Garmo the Merfolk Gladiator began the quest for the Orb.
     0 | D:1      | Reached XP level 1. HP: 16/16 MP: 1/1
   147 | D:1      | Reached XP level 2. HP: 16/23 MP: 2/2
   597 | D:1      | Reached XP level 3. HP: 28/28 MP: 3/3
  1344 | D:2      | Noticed Jessica
  1350 | D:2      | Found a faded altar of an unknown god.
  1360 | D:2      | Killed Jessica
  1361 | D:2      | Reached skill level 5 in Polearms
  1361 | D:2      | Reached XP level 4. HP: 23/35 MP: 4/4
  1625 | D:2      | Noticed Robin
  1650 | D:2      | Killed Robin
  2007 | D:3      | Reached XP level 5. HP: 28/41 MP: 5/5
  2220 | D:3      | Found a hide-covered altar of Uskayaw.
  2225 | D:3      | Noticed a +0 hand axe
  2225 | D:3      | Noticed a +0 dagger
  2658 | D:3      | Found a runed translucent gate.
  2659 | D:3      | Found a runed translucent gate.
  2659 | D:3      | Found an opulent altar of Gozag.
  2659 | D:3      | Found a runed translucent gate.
  2661 | D:3      | Noticed Quickbrownfox's ghost (amateur OpIE)
  2954 | D:4      | Reached XP level 6. HP: 48/48 MP: 6/6
  3142 | D:4      | Noticed Blork the orc
  3174 | D:4      | Killed Blork the orc
  3524 | D:4      | Reached XP level 7. HP: 55/55 MP: 7/7
  3663 | D:4      | Found a sacrificial altar of Ru.
  3890 | D:4      | Found a runed translucent door.
  3891 | D:4      | Noticed Crazy Yiuf
  4132 | D:5      | Entered Level 5 of the Dungeon
  4704 | D:5      | Found a burning altar of Makhleb.
  4710 | D:5      | Reached skill level 5 in Fighting
  4711 | D:5      | Found a glowing golden altar of the Shining One.
  5189 | D:5      | Reached XP level 8. HP: 59/63 MP: 8/8
  5196 | D:5      | Became a worshipper of Makhleb the Destroyer
  5810 | D:5      | Reached skill level 10 in Polearms
  6038 | D:5      | Found Xujety's Magic Scroll Emporium.
  6197 | D:6      | Reached * piety under Makhleb
  6495 | D:6      | Noticed Menkaure
  6525 | D:6      | HP: 1/65 [Menkaure (13)]
  6531 | D:6      | Killed Menkaure
  6830 | D:6      | Reached XP level 9. HP: 72/72 MP: 9/9
  7760 | D:6      | Reached ** piety under Makhleb
  8278 | D:6      | Found a stormy altar of Qazlal.
  8708 | D:6      | Noticed Grum
  8715 | D:6      | Killed Grum
  9082 | D:7      | Found Sahaod's Assorted Antiques.
  9094 | D:7      | Bought a potion of heal wounds for 135 gold pieces
  9414 | D:7      | Reached XP level 10. HP: 83/83 MP: 10/10
  9446 | D:7      | Found a staircase to the Ecumenical Temple.
  9474 | D:7      | Reached skill level 5 in Dodging
  9614 | D:7      | Noticed Duvessa
  9614 | D:7      | Noticed Dowan
  9650 | D:7      | Killed Duvessa
  9661 | D:7      | Killed Dowan
 10473 | D:7      | Reached skill level 1 in Invocations
 10491 | D:7      | Reached skill level 10 in Fighting
 10763 | D:8      | Found a white marble altar of Elyvilon.
 10831 | Temple   | Entered the Ecumenical Temple
 11007 | D:8      | Noticed a two-headed ogre
 11042 | D:8      | Killed a two-headed ogre
 11431 | D:8      | Found a staircase to the Lair.
 11947 | D:8      | Found an ornate altar of the Wu Jian Council.
 11998 | D:8      | Found a shadowy altar of Dithmenos.
 12069 | D:8      | Reached XP level 11. HP: 93/93 MP: 14/14
 12144 | D:8      | Noticed Psyche
 12163 | D:8      | Killed Psyche
 12282 | D:9      | Reached *** piety under Makhleb
 12919 | D:9      | Reached skill level 1 in Shields
 12941 | D:8      | Reached skill level 5 in Invocations
 13363 | D:9      | Found an opulent altar of Gozag.
 13385 | D:9      | Noticed a two-headed ogre
 13398 | D:9      | Killed a two-headed ogre
 13399 | D:9      | Reached skill level 2 in Shields
 13590 | D:9      | Identified the +3 short sword of Puminuyn {protect, rPois
                  | rF+ rC+ Int-3}
 14242 | D:9      | Found a staircase to the Orcish Mines.
 14309 | D:9      | Reached skill level 3 in Shields
 14886 | D:9      | Found an ancient bone altar of Kikubaaqudgha.
 14948 | D:10     | Entered Level 10 of the Dungeon
 15543 | D:10     | Reached skill level 4 in Shields
 15759 | D:10     | Found a blossoming altar of Fedhas.
 15765 | D:10     | Found a snail-covered altar of Cheibriados.
 15768 | D:10     | Found a hazy altar of Hepliaklqana.
 16216 | D:11     | Noticed a two-headed ogre
 16216 | D:11     | Noticed a manticore
 16325 | D:11     | Noticed a white ugly thing
 16344 | D:11     | Reached XP level 12. HP: 106/106 MP: 16/16
 16463 | D:10     | Reached skill level 5 in Shields
 16591 | D:11     | Noticed a seven-headed hydra
 16673 | D:11     | Noticed a boulder beetle
 16683 | D:10     | Reached skill level 6 in Shields
 16737 | Lair:1   | Entered Level 1 of the Lair of Beasts
 16815 | D:8      | Reached skill level 7 in Shields
 17113 | Lair:1   | Noticed a boulder beetle
 17135 | Lair:1   | Killed a boulder beetle
 17136 | Lair:1   | Reached skill level 8 in Shields
 17180 | Lair:1   | Found a runed translucent door.
 17181 | Lair:1   | Noticed megez's ghost (novice MiFi)
 17340 | Lair:1   | Noticed a catoblepas
 17356 | Lair:1   | Killed a catoblepas
 17357 | Lair:1   | Reached skill level 9 in Shields
 18007 | D:3      | Killed Quickbrownfox's ghost
 18101 | D:4      | Killed Crazy Yiuf
 18307 | Lair:2   | Reached skill level 10 in Shields
 18413 | Lair:2   | Noticed Fannar
 18465 | Lair:2   | Reached skill level 11 in Shields
 18480 | Lair:2   | Killed Fannar
 18481 | Lair:2   | Reached XP level 13. HP: 110/113 MP: 17/17
 18536 | Lair:2   | Found a staircase to the Swamp.
 18596 | Lair:2   | Found a runed translucent gate.
 18596 | Lair:2   | Found a runed translucent gate.
 18596 | Lair:2   | Found a runed translucent gate.
 18596 | Lair:2   | Noticed duchin's ghost (journeyman MfHu)
 18722 | Lair:2   | Found a hole to the Spider Nest.
 18850 | Lair:2   | Reached skill level 12 in Shields
 19001 | Lair:2   | Reached skill level 1 in Armour
 20932 | Lair:3   | Reached skill level 13 in Shields
 21381 | Lair:3   | Reached **** piety under Makhleb
 21831 | Lair:4   | Found a viscous altar of Jiyva.
 21831 | Lair:4   | Found a staircase to the Slime Pits.
 21864 | Lair:4   | Found a transporter.
 21866 | Lair:4   | Found a transporter.
 21871 | Lair:4   | Noticed Hiywul's ghost (journeyman MiHu)
 22698 | D:11     | Paralysed by an ogre mage for 3 turns
 22849 | D:11     | Reached skill level 14 in Shields
 23216 | D:11     | Reached XP level 14. HP: 100/120 MP: 18/18
 23320 | D:11     | HP: 2/120 [centaur warrior/arrow (13)]
 25074 | D:11     | Reached skill level 15 in Shields
 25484 | D:10     | Reached skill level 5 in Armour
 26265 | Orc:1    | Entered Level 1 of the Orcish Mines
 26506 | Orc:1    | Noticed an orc warlord
 27140 | D:8      | Killed an orc warlord
 27583 | Lair:5   | Entered Level 5 of the Lair of Beasts
 27896 | Lair:5   | Noticed Rupert
 28558 | Lair:5   | Killed Rupert
 29025 | Lair:5   | Reached skill level 16 in Shields
 29552 | Lair:5   | Identified the +6 mace of Gext {holy, rF+ rC+ Will-}
 29740 | Lair:5   | Identified the ring of Kizostao {Ice Dex+3}
 29826 | Lair:5   | Reached XP level 15. HP: 78/126 MP: 21/21
 30057 | Lair:5   | Found a corrupted altar of Lugonu.
 30057 | Lair:5   | Found a one-way gate to the infinite horrors of the Abyss.
 30348 | D:9      | Paralysed by an orc sorcerer for 4 turns
 30356 | D:9      | Paralysed by an orc sorcerer for 2 turns
 30946 | Orc:2    | Entered Level 2 of the Orcish Mines
 30970 | Orc:1    | Paralysed by an orc sorcerer for 2 turns
 31535 | Orc:2    | Reached skill level 17 in Shields
 31593 | Orc:2    | Reached skill level 1 in Evocations
 31829 | Orc:2    | Reached ***** piety under Makhleb
 31922 | Orc:2    | Gained mutation: Armour fits poorly on your strangely
                  | shaped body. [a neqoxec]
 31964 | Orc:2    | Noticed Snorg
 32344 | Orc:2    | Killed Snorg
 32672 | Orc:2    | Found Xawac's Antique Weapon Shoppe.
 32672 | Orc:2    | Found Licizic's Antique Weapon Boutique.
 32719 | Orc:2    | Found a runed translucent gate.
 32719 | Orc:2    | Found a runed translucent gate.
 32722 | Orc:2    | Found a runed translucent gate.
 32723 | Orc:2    | Noticed Mercurial's ghost (journeyman HOBe)
 32723 | Orc:2    | Noticed Peloso's ghost (journeyman MiFi)
 32731 | Orc:2    | Found a staircase to the Elven Halls.
 32894 | Orc:2    | Found Gevah's Jewellery Boutique.
 32939 | Orc:2    | Found Eruf Wan's Jewellery Shoppe.
 33037 | Orc:2    | Bought the ring of Keryiv {rF++ rN+ Slay+3} for 685 gold
                  | pieces
 33294 | D:11     | Noticed Lodul
 34541 | D:10     | Reached skill level 10 in Invocations
 35127 | D:11     | Killed Lodul
 35218 | D:11     | Got the Compendium of Pyromania
 36001 | D:12     | Found a frozen archway.
 36014 | IceCv    | Entered an ice cave
 37655 | IceCv    | Slain by an anaconda simulacrum

Illustrated notes

Levels and vault maps discovered:
D:1:      grunt_arrival_lava_bath, layout_loops_ring, minmay_box_of_dots
D:2:      layout_rooms, nicolae_ecumenical_lake_church, uniq_jessica, uniq_robin
D:3:      layout_loops_ring, dancing_weapons_uskayaw, ebering_ghost_gozag,
          kennysheep_nondescript
D:4:      layout_loops_ring, lemuel_doored_altar, hangedman_decor_slide_cut,
          uniq_crazy_yiuf_cottage, uniq_blork_the_orc
D:5:      layout_basic, chequers_temple_overflow_statue_of_worship,
          serial_shops, shop_statue
D:6:      layout_cave_pools, kennysheep_little_box, serial_gnoll_camp,
          gnoll_camp_mini_sergeant, gnoll_camp_mini_hut,
          gnoll_camp_mini_doghouse, grums_kennel, gnoll_camp_huts_basic,
          gnoll_camp_mini_house, st_stairs_6, uniq_menkaure
D:7:      layout_loops_corners, minmay_temple_entry_large_hall, serial_shops,
          shop, kb_lookout_dungeons_type, dk_noncrumbling_2, uniq_duvessa
D:8:      layout_gridville, nzn_wu_jian_contemplation,
          mainiacjoe_overflow_surrounded_room, grunt_dithmenos_smoke,
          erik_lair_orcish_takeover, uniq_psyche
D:9:      layout_roguey, tgw_kikubaaqudgha, nicolae_overflow_crystal_walls,
          kennysheep_orc_monster_closet_entryway
D:10:     layout_loops_corners, minmay_overflow_temple_star_quad
D:11:     minmay_the_grid_square_5x5_5x5_mashed
          [minmay_the_grid_square_5x5_fat_x, minmay_the_grid_square_5x5_z,
          minmay_the_grid_square_5x5_two_walls_b,
          minmay_the_grid_square_5x5_slash,
          minmay_the_grid_square_5x5_checkered_statues,
          minmay_the_grid_square_5x5_one_wall,
          minmay_the_grid_square_5x5_prize_pseudospiral,
          minmay_the_grid_square_5x5_bite,
          minmay_the_grid_square_5x5_prize_snowflake,
          minmay_the_grid_square_5x5_shuriken,
          minmay_the_grid_square_5x5_three_walls,
          minmay_the_grid_square_5x5_inner_v,
          minmay_the_grid_square_5x5_prize_junk,
          minmay_the_grid_square_5x5_mess, minmay_the_grid_square_5x5_corner,
          minmay_the_grid_square_5x5_seven,
          minmay_the_grid_square_5x5_prize_deathbox,
          minmay_the_grid_square_5x5_moneybag,
          minmay_the_grid_square_5x5_prize_open,
          minmay_the_grid_square_5x5_broken_cross,
          minmay_the_grid_square_5x5_inverted_slash,
          minmay_the_grid_square_5x5_inset, minmay_the_grid_square_5x5_n,
          minmay_the_grid_square_5x5_shrine1, minmay_the_grid_square_5x5_two],
          layout_long_grid, st_stairs_5, palyth_stone_intersect, uniq_lodul
D:12:     layout_irregular_city, portal_ice_cave_entry_pillars_2
Temple:   hellmonk_temple_rainy
Lair:1:   layout_chaotic_city, hellmonk_ghost_happy_afterlife,
          grunt_megastairs_5
Lair:2:   layout_roguey, swamp_mist_pool, dummy_spider_entry,
          gammafunk_ghost_split, serial_bayou_shore_b, uniq_fannar
Lair:3:   layout_layer_cave, special_room [special_room_bee],
          serial_bayou_pond_d
Lair:4:   layout_small_grid, slime_entry_1, nzn_ghost_randoct
Lair:5:   hellmonk_lair_end_abyssal_woods, layout_small_grid, uniq_rupert
Orc:1:    layout_caves
Orc:2:    st_orc_town, layout_diamond_mine, gammafunk_ghost_cemetery, uniq_snorg
IceCv:    ice_cave_small_demon

Skill      XL: |  1  2  3  4  5  6  7  8  9 10 11 12 13 14 15 |
---------------+----------------------------------------------+-----
Fighting       | 3 4 5 7 9 11 13 14 | 14.9
Polearms       | 5 6 7 9 11 14 | 14.0
Throwing       | 3 4 |  4.0
Dodging        | 7 8 |  8.0
Invocations    | 4 6 8 10 | 10.5
Shields        | 4 11 14 16 17 | 17.0
Armour         | 4 5 |  5.0
Evocations     | 4 |  4.8

Action                   |  1- 3 |  4- 6 |  7- 9 | 10-12 | 13-15 || total
-------------------------+-------+-------+-------+-------+-------++-------
Melee: Trident           |   145 |   218 |   517 |  1069 |  2577 ||  4526
       Punch             |       |       |       |    15 |       ||    15
       Short sword       |       |       |       |    43 |       ||    43
Throw: Dart              |       |       |     6 |    11 |       ||    17
       Boomerang         |       |       |       |       |    10 ||    10
Invok: Lesser Servant of |       |       |       |    19 |    54 ||    73
       Major Destruction |       |       |       |       |     1 ||     1
Evoke: Wand              |       |       |       |     7 |       ||     7
  Use: Scroll            |       |       |    12 |     6 |    10 ||    28
       Potion            |       |       |     3 |     5 |     8 ||    16
 Stab: Distracted        |       |       |       |     3 |     4 ||     7
Armor: Leather armour    |    43 |     1 |       |       |       ||    44
       Scale mail        |       |    97 |   169 |    25 |       ||   291
       Steam dragon scal |       |       |       |   138 |       ||   138
       Troll leather arm |       |       |       |    78 |    15 ||    93
       Pearl dragon scal |       |       |       |       |   431 ||   431
       Ring mail         |       |       |       |       |   105 ||   105
Dodge: Dodged            |    90 |   104 |   226 |   604 |  1044 ||  2068
Block: Kite shield       |       |       |       |    74 |  1505 ||  1579
